 Dungeon Crawl Stone Soup version 0.28-a0-657-g71136c5590 (webtiles) character file.

Game seed: 8437051060703326283

30 lawman0 the Fighter (level 3, 0/38 HPs)
             Began as a Gnoll Wanderer on Oct 13, 2021.
             Slain by a white imp (2 damage)
             ... summoned by Natasha
             ... on level 2 of the Dungeon.
             The game lasted 00:02:05 (1401 turns).

lawman0 the Fighter (Gnoll Wanderer)                Turns: 1401, Time: 00:02:05

Health: 0/38       AC:  5    Str:  9    XL:     3   Next: 20%
Magic:  3/3        EV: 12    Int: 11    God:
Gold:   57         SH:  0    Dex: 14    Spells: 2/3 levels left

rFire   . . .      SeeInvis .   a - +2 spear
rCold   . . .      Faith    .   (no shield)
rNeg    . . .      Spirit   .   d - +0 robe
rPois   .          Reflect  .   q - +2 helmet
rElec   .          Harm     .   (no cloak)
rCorr   .          Rampage  .   (no gloves)
Will    .....                   (no boots)
Stlth   ++........              (no amulet)
HPRegen 0.12/turn               p - ring of wizardry
MPRegen 0.08/turn               (no ring)

@: slowed, very slow
A: fangs 1, strong nose, distributed training
a: no special abilities


You were on level 2 of the Dungeon.
You visited 1 branch of the dungeon, and saw 2 of its levels.

You collected 57 gold pieces.

Inventory:

Hand Weapons
 a - a +2 spear (weapon)
 b - a +0 falchion
Missiles
 m - 49 sling bullets
Armour
 d - a +0 robe (worn)
 q - a +2 helmet (worn)
Jewellery
 g - an amulet of guardian spirit
 o - an amulet of faith
 p - a ring of wizardry (left hand)
Scrolls
 e - a scroll of acquirement {unknown}
 h - a scroll of immolation
 i - a scroll of enchant armour {unknown}
 j - a scroll of fog {unknown}
 k - a scroll of magic mapping {unknown}
 r - a scroll of teleportation {unknown}
 s - a scroll of holy word {unknown}
Potions
 c - a potion of curing
 f - a potion of flight {unknown}
 l - a potion of ambrosia {unknown}
 n - a potion of degeneration {unknown}


   Skills:
 + Level 8.5 Fighting
 + Level 0.6 Short Blades
 + Level 0.6 Long Blades
 + Level 0.6 Axes
 + Level 0.6 Maces & Flails
 + Level 0.6 Polearms
 + Level 0.6 Staves
 + Level 0.6 Slings
 + Level 0.6 Bows
 + Level 0.6 Crossbows
 + Level 0.6 Throwing
 + Level 4.5 Armour
 + Level 2.5 Dodging
 + Level 2.3 Stealth
 + Level 2.5 Shields
 + Level 0.6 Unarmed Combat
 + Level 0.6 Spellcasting
 + Level 0.4 Conjurations
 + Level 0.4 Hexes
 + Level 0.4 Summonings
 + Level 0.4 Necromancy
 + Level 0.4 Translocations
 + Level 0.4 Transmutations
 + Level 0.4 Fire Magic
 + Level 0.4 Ice Magic
 + Level 0.4 Air Magic
 + Level 0.4 Earth Magic
 + Level 0.4 Poison Magic
 + Level 0.8 Invocations
 + Level 2.5 Evocations


You had 2 spell levels left.
You knew the following spells:

 Your Spells              Type           Power      Damage    Failure   Level
a - Apportation           Tloc           2%         N/A       12%         1

Your spell library contained the following spells:

 Spells                   Type           Power      Damage    Failure   Level
 Alistair's Intoxication  Tmut/Pois      0%         N/A       95%         5
 Fireball                 Conj/Fire      0%         3d3       95%         5
 Iskenderun's Battlesphe  Conj           1%         2d6       95%         5
 Conjure Ball Lightning   Conj/Air       0%         3x3d6     100%        6
 Invisibility             Hex            0%         N/A       100%        6
 Orb of Destruction       Conj           0%         N/A       100%        7


Dungeon Overview and Level Annotations

Branches:
Dungeon (2/15)

Altars:

Annotations:
D:2 Natasha


Innate Abilities, Weirdness & Mutations

You have very sharp teeth.
Your uncanny sense of smell can sniff out nearby items.
Your experience applies equally to all skills.


Message History

No target in view!
Natasha, Servant of Life and Death comes into view.
Natasha is nearby!
Natasha is nearby!
You reach to attack!
The helpless Natasha fails to defend herself.
You hit Natasha.
Natasha is lightly wounded.
You hit Natasha but do no damage.
Natasha is lightly wounded.
Natasha claws you!
Natasha drinks a potion.
Natasha's spells are empowered!
You closely miss Natasha.
Natasha is lightly wounded.
Natasha claws you.
You hit Natasha.
Natasha is lightly wounded.
Natasha stares at you and mumbles some strange words.
You feel yourself slow down.
You hit Natasha.
Natasha is moderately wounded.
Natasha casts a spell.
Unknown command.
You hit Natasha.
Natasha is heavily wounded.
Natasha stares at you and mumbles some strange words.
The magic dart hits you!
The white imp shouts, "Begone, thou dissembling knotty-pated apple-john!"
The white imp gestures at you. The puff of frost hits you!
* * * LOW HITPOINT WARNING * * *
Natasha barely misses you.
You hit Natasha. You bite Natasha, but do no damage.
Natasha is almost dead.
The white imp hits you but does no damage.
Natasha claws you.
* * * LOW HITPOINT WARNING * * *
The white imp hits you.
* * * LOW HITPOINT WARNING * * *
The white imp freezes you.
You die...

.. #.# .. # #.# .## #####
#.. ##...+ ###...##
#.####...#####......##
#..#.@h# #...........#
#..5#####...........#
#.###..##...........#
#..###.##...............##
#.............##...#...##
#...................#..###
#...........^###.##.##....
###
#...>.............#.......
..
#..####....#.###..##..(...


You could see Natasha (empowered) and a white imp (summoned).

Vanquished Creatures
  2 ball pythons
  3 bats (D:1)
  5 endoplasms
  A goblin (D:1)
  2 hobgoblins
  2 quokkas (D:1)
  4 frilled lizards
  5 kobolds
  3 rats
27 creatures vanquished.

Notes
Turn   | Place    | Note
-------+----------+-------------------------------------------
     0 | D:1      | lawman0 the Gnoll Wanderer began the quest for the Orb.
     0 | D:1      | lawman0 set off with the following items: a +2 spear, a +0
                  | falchion, a potion of curing, a +0 robe
     0 | D:1      | Reached XP level 1. HP: 26/26 MP: 1/1
   351 | D:1      | lol hell yeah
   468 | D:1      | Reached XP level 2. HP: 33/33 MP: 2/2
   470 | D:1      | Learned a level 1 spell: Apportation
  1187 | D:2      | Reached XP level 3. HP: 29/38 MP: 3/3
  1391 | D:2      | Noticed Natasha
  1401 | D:2      | Slain by a white imp

Illustrated notes

####+###
#$.....#
#......#
+......+
#@.....#.
#........
#......#.
.########......#
#.
...............#
#.
#######.########
#. #.# #.
#.########.
######.
#...........
.......


Turn 351 on D:1: lol hell yeah

Levels and vault maps discovered:
D:1:      minmay_arrival_stone_box, layout_basic, chequers_serial_rivers_small_3
D:2:      minmay_skewed_foursquare, layout_rooms, minivault_27,
          corexii_item_surrounded_by_moat, minmay_split_cup_large, uniq_natasha,
          uniq_sigmund

Action                   || total
-------------------------++-------
Melee: Spear             ||    87
       Bite              ||     8
  Use: Scroll            ||     1
 Stab: Sleeping          ||     6
Armor: Robe              ||     9
Dodge: Dodged            ||    52

Table legend: (Time is in decaauts)
 A = Elapsed time spent in this place.
 B = Non-inter-level travel time spent in this place.
 C = Inter-level travel time spent in this place.
 D = Time resting spent in this place.
 E = Time spent auto-exploring this place.
 F = Levels seen in this place.
 G = Mean time per level.
                   A        B        C        D        E       F      G
               +--------+--------+--------+--------+--------+-----+--------+
         Total |   1413 |   1368 |     45 |    320 |    808 |   2 |  706.5 |
       Dungeon |   1413 |   1368 |     45 |    320 |    808 |   2 |  706.5 |
               +--------+--------+--------+--------+--------+-----+--------+

Top non-repeatable levels by time:
     D:1: 1184 daAuts
     D:2: 229 daAuts
